 Dungeon Crawl Stone Soup version 0.28.0-53-g5a82cb258f (webtiles) character file.

Game seed: 11386302674043080552

438 Peloso the Covered (level 6, -1/56 HPs)
             Began as a Minotaur Fighter on May 28, 2022.
             Slain by a gnoll
             ... wielding a +0 spear
              (2 damage)
             ... on level 5 of the Dungeon.
             The game lasted 00:04:05 (3842 turns).

Peloso the Covered (Minotaur Fighter)               Turns: 3842, Time: 00:04:06

Health: -1/56      AC: 11    Str: 20    XL:     6   Next: 69%
Magic:  5/5        EV:  7    Int:  5    God:
Gold:   225        SH:  5    Dex: 12    Spells: 5/5 levels left

rFire   . . .      SeeInvis .   a - +1 long sword
rCold   . . .      Faith    .   c - +0 buckler
rNeg    . . .      Spirit   .   m - +0 chain mail
rPois   .          Reflect  .   (helmet restricted)
rElec   .          Harm     .   l - +0 cloak
rCorr   .          Rampage  .   (no gloves)
Will    .....                   (no boots)
Stlth   ..........              (no amulet)
HPRegen 0.18/turn               (no ring)
MPRegen 0.09/turn               (no ring)

@: no status effects
A: horns 2, retaliatory headbutt
a: no special abilities


You were on level 5 of the Dungeon.
You visited 1 branch of the dungeon, and saw 5 of its levels.

You collected 225 gold pieces.

Inventory:

Hand Weapons
 a - a +1 long sword (weapon)
Armour
 b - a +0 scale mail
 c - a +0 buckler (worn)
 l - a +0 cloak (worn)
 m - a +0 chain mail (worn)
Jewellery
 h - an amulet of guardian spirit
Wands
 e - a wand of paralysis (5)
Scrolls
 i - a scroll of enchant armour {unknown}
 k - a scroll of teleportation {unknown}
 o - a scroll of noise {unknown}
 p - 2 scrolls of identify
 q - a scroll of immolation {unknown}
Potions
 d - 3 potions of might
 f - 2 potions of curing {unknown}
 j - a potion of degeneration {unknown}
 n - a potion of ambrosia {unknown}


   Skills:
 + Level 5.2 Fighting
 + Level 5.4 Long Blades
 + Level 5.8 Armour
 + Level 1.4 Dodging
 + Level 0.3 Stealth
 + Level 4.3 Shields


You had 5 spell levels left.
You didn't know any spells.
Your spell library contained the following spells:

 Spells                   Type           Power      Damage    Failure   Level
 Slow                     Hex            0%         N/A       99%         1
 Sting                    Tmut/Pois      0%         1d3       99%         1
 Summon Small Mammal      Summ           0%         N/A       99%         1
 Ensorcelled Hibernation  Hex/Ice        0%         N/A       100%        2
 Passwall                 Tmut/Erth      0%         N/A       100%        2
 Poisonous Vapours        Pois/Air       0%         N/A       100%        2
 Call Canine Familiar     Summ           0%         N/A       100%        3
 Confusing Touch          Hex            0%         N/A       100%        3
 Ozocubu's Armour         Ice            0%         N/A       100%        3
 Summon Guardian Golem    Hex/Summ       0%         N/A       100%        3
 Swiftness                Air            0%         N/A       100%        3
 Vampiric Draining        Necr           0%         2d6       100%        3
 Olgreb's Toxic Radiance  Pois           0%         N/A       100%        4
 Passage of Golubria      Tloc           0%         N/A       100%        4
 Metabolic Englaciation   Hex/Ice        0%         N/A       100%        5
 Silence                  Hex/Air        0%         N/A       100%        5
 Simulacrum               Ice/Necr       0%         N/A       100%        6
 Lehudib's Crystal Spear  Conj/Erth      0%         10d2      100%        8


Dungeon Overview and Level Annotations

Branches:
Dungeon (5/15)
 Temple: D:4-7

Altars:
Fedhas
Ru


Innate Abilities, Weirdness & Mutations

You have a pair of horns on your head.
You reflexively headbutt those who attack you in melee.


Message History

The gnoll sergeant closely misses you. You furiously retaliate!
You headbutt the gnoll sergeant. You hit the gnoll sergeant.
You headbutt the gnoll sergeant, but do no damage.
The gnoll sergeant is heavily wounded.
The gnoll hits you from afar with a +0 spear.
* * * LOW HITPOINT WARNING * * *
The gnoll barely misses you.
The gnoll hits you from afar with a +0 halberd.
* * * LOW HITPOINT WARNING * * *
The gnoll sergeant hits you but does no damage.
You feel much better.
The gnoll hits you but does no damage. x2
The gnoll hits you from afar with a +0 halberd.
The gnoll sergeant completely misses you.
You barely miss the gnoll sergeant.
The gnoll sergeant is heavily wounded.
The gnoll hits you from afar with a +0 spear.
The gnoll hits you but does no damage. The gnoll barely misses you.
You block the gnoll sergeant's attack. The gnoll hits you but does no damage.
You hit the gnoll sergeant.
The gnoll sergeant is severely wounded.
The gnoll hits you with a +0 flail. You block the gnoll sergeant's attack.
The gnoll hits you from afar with a +0 halberd.
The gnoll hits you from afar with a +0 spear.
The gnoll barely misses you.
The gnoll hits you from afar with a +0 halberd.
* * * LOW HITPOINT WARNING * * *
The gnoll sergeant hits you with a +0 spear.
* * * LOW HITPOINT WARNING * * *
You hit the gnoll sergeant.
You headbutt the gnoll sergeant, but do no damage.
The gnoll sergeant is almost dead.
The gnoll barely misses you. The gnoll hits you but does no damage.
The gnoll barely misses you.
The gnoll sergeant hits you with a +0 spear!
* * * LOW HITPOINT WARNING * * *
You hit the gnoll sergeant.
You kill the gnoll sergeant!
The gnoll hits you from afar with a +0 spear.
You die...

#.....<....#.#
#.#####
#.#.########+###.#
#...........†....#
###..#...##......#
#....#.[.##......#
#........##......#
#...#.#####......#
#...#.######+###...
#.....g)@gg.....)...
##'##..#####.###....
#.###.# #.# #g.# #.#
##.# #.# gg #.# #..
#.# g.. [.. ....


You could see 3 gnolls.

Vanquished Creatures
  An ice beast (D:4)
  A gnoll sergeant (D:5)
  A water moccasin skeleton (D:4)
  A hound (D:5)
  Crazy Yiuf (D:4)
  A bullfrog skeleton (D:4)
  An iguana (D:5)
  An orc wizard (D:5)
  5 gnolls (D:5)
  5 adders
  An adder skeleton (D:4)
  2 worms (D:2)
  2 dart slugs (D:2)
  2 orcs (D:5)
  An endoplasm (D:3)
  2 giant cockroaches (D:2)
  6 hobgoblins
  4 jackals
  6 kobolds
  4 quokkas
  7 ball pythons
  4 bats
  3 frilled lizards (D:2)
  2 goblins
  6 rats
70 creatures vanquished.

Vanquished Creatures (others)
  5 fungi (D:4)
5 creatures vanquished.

Grand Total: 75 creatures vanquished

Notes
Turn   | Place    | Note
-------+----------+-------------------------------------------
     0 | D:1      | Peloso the Minotaur Fighter began the quest for the Orb.
     0 | D:1      | Reached XP level 1. HP: 19/19 MP: 0/0
   326 | D:1      | Found a faded altar of an unknown god.
   377 | D:1      | Reached XP level 2. HP: 27/27 MP: 1/1
   796 | D:2      | Reached XP level 3. HP: 15/33 MP: 2/2
  1055 | D:2      | Reached skill level 1 in Dodging
  1075 | D:2      | Reached XP level 4. HP: 29/41 MP: 3/3
  2274 | D:3      | Found a blossoming altar of Fedhas.
  2614 | D:4      | Reached XP level 5. HP: 38/47 MP: 4/4
  2712 | D:4      | Reached skill level 5 in Armour
  2919 | D:4      | Found a sacrificial altar of Ru.
  3213 | D:4      | Found a runed translucent door.
  3214 | D:4      | Noticed Crazy Yiuf
  3220 | D:4      | Killed Crazy Yiuf
  3271 | D:5      | Entered Level 5 of the Dungeon
  3271 | D:5      | Noticed an ice beast
  3284 | D:4      | Killed an ice beast
  3285 | D:4      | Reached skill level 5 in Fighting
  3285 | D:4      | Reached XP level 6. HP: 32/56 MP: 5/5
  3433 | D:5      | Reached skill level 5 in Long Blades
  3841 | D:5      | HP: 1/56 [gnoll sergeant/+0 spear (8)]
  3842 | D:5      | Slain by a gnoll

Illustrated notes

Levels and vault maps discovered:
D:1:      dpeg_arrival_houses_and_road, layout_loops_ring,
          hellmonk_ecumenical_altar_leap_of_faith
D:2:      layout_basic, minmay_misc_feat_iff, minmay_cut_off
D:3:      layout_basic, amcnicky_altar_gilded, grunt_decor_cap
D:4:      layout_cave_pools, mainiacjoe_overflow_surrounded_room,
          uniq_crazy_yiuf_cottage
D:5:      layout_basic, mainiacjoe_overflow_large_starburst

Skill      XL: |  1  2  3  4  5  6 |
---------------+-------------------+-----
Fighting       | 4 5 |  5.2
Armour         | 4 5 |  5.8
Shields        | 4 |  4.3
Long Blades    | 3 4 5 |  5.4
Dodging        | 1 |  1.4
Stealth        | |  0.3

Action                   |  1- 3 |  4- 6 || total
-------------------------+-------+-------++-------
Melee: Long sword        |    51 |   116 ||   167
       Headbutt          |     7 |    22 ||    29
  Use: Scroll            |     2 |     1 ||     3
       Potion            |     2 |     2 ||     4
Armor: Scale mail        |    32 |    31 ||    63
       Chain mail        |       |    34 ||    34
Dodge: Dodged            |    31 |    50 ||    81
Block: Buckler           |    13 |    30 ||    43
